 Dungeon Crawl Stone Soup version 0.24.0-37-gcf1ca852f1 (webtiles) character file.

Game seed: 6551396912105061963, levelgen mode: deterministic

49 lilbarb the Magician (level 4, 0/32 HPs)
             Began as a Human Wanderer on Nov 22, 2019.
             Succumbed to an adder's poison
             ... on level 2 of the Dungeon.
             The game lasted 00:05:46 (1754 turns).

lilbarb the Magician (Human Wanderer)               Turns: 1754, Time: 00:05:47

Health: 0/32       AC:  6    Str: 11    XL:     4   Next: 2%
Magic:  1/8        EV:  9    Int: 12    God:
Gold:   57         SH:  0    Dex: 13    Spells: 8/9 levels left

rFire    . . .     SeeInvis .   a - +0 dagger
rCold    . . .     Gourm    .   (no shield)
rNeg     . . .     Faith    .   c - +0 ring mail
rPois    .         Spirit   .   (helmet restricted)
rElec    .         Reflect  .   (no cloak)
rCorr    .         Harm     .   e - +0 pair of gloves
MR       .....                  (no boots)
Stlth    +.........             (no amulet)
HPRegen  0.10/turn              (no ring)
MPRegen  0.11/turn              (no ring)

@: lethally poisoned (0 -> -1), very slightly contaminated, invisible
A: antennae 1, dopey 1
a: no special abilities


You were on level 2 of the Dungeon.
You were not hungry.

You visited 1 branch of the dungeon, and saw 2 of its levels.

You collected 57 gold pieces.

Inventory:

Hand Weapons
 a - a +0 dagger (weapon)
Missiles
 d - 31 stones
 g - 16 poisoned darts (quivered)
 j - 58 sling bullets
Armour
 c - a +0 ring mail (worn)
 e - a +0 pair of gloves (worn)
Scrolls
 b - a scroll of magic mapping {unknown}
 k - 2 scrolls of identify {unknown}
Comestibles
 f - 3 rations


   Skills:
 - Level 1.0 Fighting
 - Level 2.0 Armour
 - Level 1.0 Stealth
   Level 1.0 Shields
 * Level 3.2 Spellcasting
   Level 2.0 Translocations
 + Level 2.1 Earth Magic


You had 8 spell levels left.
You knew the following spells:

 Your Spells              Type           Power        Failure   Level  Hunger
a - Sandblast             Erth           #.....       24%         1    #......

Your spell library contained the following spells:

 Spells                   Type           Power        Failure   Level  Hunger
 Passwall                 Tmut/Erth      #.......     50%         2    ###....
 Poisonous Vapours        Pois/Air       #.....       65%         2    ###....
 Swiftness                Chrm/Air       #.......     65%         2    ###....
 Stone Arrow              Conj/Erth      #.....       73%         3    ###....
 Petrify                  Tmut/Erth      #.......     98%         4    #####..
 Lee's Rapid Deconstruct  Erth           #.........   100%        5    ######.


Dungeon Overview and Level Annotations

Branches:
Dungeon (2/15)

Altars:


Innate Abilities, Weirdness & Mutations

You have a pair of small antennae on your head.
You are dopey. (Int -2)


Message History

You barely miss the adder.
The adder is severely wounded.
The adder bites you.
* * * LOW HITPOINT WARNING * * *
You hit the adder.
You kill the adder!
You have reached level 4!
You feel agile.
There is a lethal amount of poison in your body!
Okay, then.
You aren't carrying any potions.
There is a lethal amount of poison in your body!
* * * LOW HITPOINT WARNING * * *
You feel sick.
You see here an adder corpse.
Things that are here:
a leopard gecko corpse; a bat corpse Butcher a leopard gecko corpse? [(y)es/(n)o/(a)ll/(q)uit/?]
You butcher the leopard gecko corpse.
You stop butchering the corpse.
You die...

#.# .. #.#
(.. #.#
...# #.#
#...# #.#
...... #.#
###..b...
#.#
#((......
#.# #(#
#.# #@#
##.## #.#
#...####.#
#......†.#
#...######
#####


There were no monsters in sight!

Vanquished Creatures
  An adder (D:2)
  2 dart slugs (D:1)
  3 leopard geckos
  2 giant cockroaches
  6 hobgoblins
  4 kobolds (D:1)
  2 bats
  4 frilled lizards
  3 goblins
  7 rats
34 creatures vanquished.

Notes
Turn   | Place    | Note
-------+----------+-------------------------------------------
     0 | D:1      | lilbarb the Human Wanderer began the quest for the Orb.
     0 | D:1      | lilbarb set off with the following items: a +0 dagger, a +0
                  | ring mail, a ration; and the following spell memorised:
                  | Sandblast; and the following spells available to memorise:
                  | Passwall, Poisonous Vapours, Swiftness, Stone Arrow,
                  | Petrify, Lee's Rapid Deconstruction
     0 | D:1      | Reached XP level 1. HP: 15/15 MP: 3/3
   396 | D:1      | Reached XP level 2. HP: 21/21 MP: 5/5
   788 | D:1      | Reached XP level 3. HP: 22/26 MP: 7/7
  1443 | D:2      | Reached skill level 3 in Spellcasting
  1744 | D:2      | Gained mutation: You are dopey. (Int -2) [potion of
                  | mutation]
  1744 | D:2      | Gained mutation: You have a pair of small antennae on your
                  | head. [potion of mutation]
  1748 | D:2      | HP: 1/26 [adder (1)]
  1749 | D:2      | Reached XP level 4. HP: 2/32 MP: 1/8
  1754 | D:2      | Succumbed to an adder's poison

Levels and vault maps discovered:
D:1:      minmay_arrival_diagonal_passages, layout_basic
D:2:      layout_loops_ring

Skill      XL: |  1  2  3 |
---------------+----------+-----
Spellcasting   | 3 |  3.2
Earth Magic    | 2 |  2.1
Fighting       | |  1.0
Armour         | |  2.0
Stealth        | |  1.0
Shields        | |  1.0
Translocations | |  2.0

Action                   |  1- 3 |  4- 6 || total
-------------------------+-------+-------++-------
Melee: Dagger            |   132 |       ||   132
Throw: Dart              |    37 |       ||    37
 Cast: Sandblast         |    12 |       ||    12
  Use: Potion            |     2 |       ||     2
 Stab: Sleeping          |     1 |       ||     1
  Eat: Chunk             |     3 |       ||     3
Armor: Ring mail         |    55 |       ||    55
Dodge: Dodged            |    67 |       ||    67
